[ AOE2 MATCH · #463047556 ]
UnrankedGoths vs Britons
[ REPLAY ANALYSIS · EXTRACTED FROM THE RECORDED GAME ]
Feudal
14:13
Castle
18:05
Imperial
—
| APM avg | 45.3 |
| APM peak | 77 |
| eAPM avg | 26.3 |
| Villagers / military | 123 / 5 |
Focus
⚔️ 30.5% · 🌾 69.5%
Fishing Ship ×17 · Unknown (2626) ×11 · Mangonel ×2 · Fire Galley ×2 · Demolition Raft ×1
Feudal
12:27
Castle
15:58
Imperial
30:28
| APM avg | 45.9 |
| APM peak | 72 |
| eAPM avg | 31.9 |
| Villagers / military | 196 / 4 |
Focus
⚔️ 35.3% · 🌾 64.7%
Unknown (2582) ×63 · Fishing Ship ×9 · Monk ×2 · Trebuchet (Packed) ×2
Feudal
13:39
Castle
17:15
Imperial
—
| APM avg | 34.8 |
| APM peak | 90 |
| eAPM avg | 20.0 |
| Villagers / military | 107 / 49 |
Focus
⚔️ 29.2% · 🌾 70.8%
Longbowman ×48 · Fishing Ship ×9 · Monk ×1
Feudal
12:48
Castle
17:19
Imperial
—
| APM avg | 80.6 |
| APM peak | 181 |
| eAPM avg | 51.3 |
| Villagers / military | 121 / 12 |
Focus
⚔️ 52.8% · 🌾 47.2%
Fishing Ship ×9 · Mangonel ×5 · Fire Galley ×4 · Unknown (2626) ×4 · Knight ×2 · Scout Cavalry ×1
Feudal
13:04
Castle
21:00
Imperial
—
| APM avg | 36.4 |
| APM peak | 73 |
| eAPM avg | 16.4 |
| Villagers / military | 97 / 25 |
Focus
⚔️ 27.4% · 🌾 72.6%
Galley ×20 · Fishing Ship ×11 · Fire Galley ×3 · Unknown (2626) ×3 · Centurion ×2
Feudal
12:27
Castle
19:53
Imperial
—
| APM avg | 48.6 |
| APM peak | 73 |
| eAPM avg | 24.2 |
| Villagers / military | 57 / 96 |
Focus
⚔️ 35.3% · 🌾 64.7%
Flemish Militia ×81 · Fishing Ship ×11 · Battering Ram ×11 · Unknown (2626) ×7 · Mangonel ×2 · Coustillier ×1
Match map
Initial resources + every placement click. Lines = walls · curves = elevation contours. ◆ gold · ⬟ stone · ● berries · ✦ relic · ◌ wall gap
Your base· Open — unwalled flank
VENÓN | MeCoXPDF's base· Open — 10t gap
erich_hub's base· Open — 12t gap
KnutTheFierce's base· Open — 5t gap
van jonsenheim's base· Open — 8t gap
Tigry's base· Open — 11t gap
Smoothed initial terrain · ◌ = detected wall gap · hover for details
Inputs per minute
— VENON | Sigfridinho - - VENÓN | MeCoXPDF
Build order — VENON | Sigfridinho
First 150 of 265 actions detected
| 0:14 | Build | Town Center |
| 1:52 | Build | Dock |
| 1:55 | Build | House |
| 1:57 | Build | Palisade Wall |
| 2:29 | Queue | Villager (Male) ×4 |
| 3:37 | Queue | Fishing Ship |
| 4:09 | Research | Loom |
| 4:26 | Queue | Fishing Ship |
| 4:26 | Queue | Fishing Ship |
| 4:34 | Queue | Villager (Male) |
| 4:52 | Build | House |
| 5:05 | Queue | Villager (Male) |
| 5:36 | Queue | Villager (Male) |
| 5:54 | Queue | Villager (Male) |
| 6:04 | Queue | Fishing Ship |
| 6:25 | Queue | Villager (Male) |
| 6:37 | Build | House |
| 6:45 | Queue | Villager (Male) |
| 6:56 | Queue | Villager (Male) |
| 7:06 | Queue | Villager (Male) |
| 7:25 | Queue | Villager (Male) |
| 7:33 | Queue | Fishing Ship |
| 7:35 | Queue | Villager (Male) |
| 7:49 | Build | House |
| 8:07 | Queue | Villager (Male) |
| 8:11 | Queue | Fishing Ship |
| 8:42 | Queue | Villager (Male) |
| 8:44 | Queue | Villager (Male) |
| 8:51 | Queue | Fishing Ship |
| 8:52 | Queue | Villager (Male) |
| 9:16 | Queue | Villager (Male) |
| 9:19 | Build | House |
| 9:24 | Queue | Villager (Male) |
| 9:53 | Queue | Villager (Male) |
| 9:59 | Build | House |
| 10:12 | Queue | Villager (Male) |
| 10:25 | Build | Mining Camp |
| 10:50 | Build | Dock |
| 11:06 | Queue | Villager (Male) |
| 11:37 | Build | Lumber Camp |
| 11:50 | Research | Feudal Age |
| 12:38 | Queue | Fishing Ship |
| 12:42 | Queue | Fishing Ship |
| 12:54 | Build | Mill |
| 13:29 | Queue | Villager (Male) |
| 13:30 | Queue | Villager (Male) |
| 13:32 | Build | House |
| 14:13 | Age | Feudal Age |
| 14:20 | Build | Market |
| 14:49 | Build | Blacksmith |
| 15:15 | Research | Double-Bit Axe |
| 15:25 | Research | Castle Age |
| 15:55 | Queue | Unit 2626 |
| 15:56 | Queue | Unit 2626 |
| 15:58 | Queue | Villager (Male) |
| 16:12 | Build | Palisade Wall |
| 16:15 | Build | Palisade Wall |
| 16:32 | Queue | Villager (Male) |
| 16:44 | Build | Palisade Wall |
| 16:45 | Build | Palisade Wall |
| 16:56 | Queue | Unit 2626 |
| 16:56 | Queue | Unit 2626 |
| 17:08 | Queue | Villager (Male) |
| 17:23 | Build | House |
| 17:35 | Queue | Villager (Male) |
| 18:05 | Age | Castle Age |
| 18:09 | Research | War Galley (upgrade) |
| 18:12 | Research | Bow Saw |
| 18:13 | Queue | Villager (Male) |
| 18:16 | Build | Town Center |
| 18:33 | Queue | Unit 2626 |
| 18:40 | Queue | Villager (Male) |
| 18:41 | Queue | Villager (Male) |
| 18:43 | Build | House |
| 18:44 | Build | Palisade Wall |
| 19:12 | Queue | Unit 2626 |
| 19:12 | Queue | Unit 2626 |
| 19:22 | Queue | Villager (Male) |
| 19:42 | Queue | Unit 2626 |
| 19:42 | Queue | Unit 2626 |
| 19:57 | Queue | Villager (Male) |
| 20:04 | Queue | Villager (Male) |
| 20:09 | Queue | Villager (Male) |
| 20:20 | Queue | Unit 2626 |
| 20:20 | Queue | Unit 2626 |
| 20:33 | Research | Wheelbarrow |
| 20:35 | Queue | Villager (Male) |
| 20:36 | Build | House |
| 20:57 | Queue | Fire Galley |
| 20:58 | Queue | Fire Galley |
| 21:18 | Queue | Villager (Male) |
| 21:19 | Queue | Villager (Male) |
| 21:36 | Queue | Villager (Male) |
| 21:39 | Queue | Villager (Male) |
| 21:41 | Build | Palisade Wall |
| 21:47 | Research | Tech 906 |
| 21:51 | Queue | Fishing Ship |
| 21:51 | Queue | Fishing Ship |
| 21:52 | Queue | Fishing Ship |
| 22:00 | Queue | Villager (Male) |
| 22:07 | Queue | Villager (Male) |
| 22:07 | Queue | Villager (Male) |
| 22:09 | Build | Town Center |
| 22:38 | Build | House |
| 23:20 | Queue | Villager (Male) |
| 23:22 | Queue | Villager (Male) |
| 23:24 | Build | House |
| 23:25 | Build | House |
| 23:30 | Queue | Villager (Male) |
| 23:34 | Build | Dock |
| 23:36 | Queue | Villager (Male) |
| 24:00 | Build | Farm |
| 24:01 | Queue | Villager (Male) |
| 24:13 | Build | Town Center |
| 24:18 | Queue | Villager (Male) |
| 24:24 | Queue | Demolition Raft |
| 24:25 | Build | House |
| 24:26 | Build | House |
| 24:30 | Research | Horse Collar |
| 24:32 | Research | Gold Mining |
| 24:45 | Queue | Villager (Male) |
| 24:45 | Queue | Villager (Male) |
| 24:51 | Queue | Villager (Male) |
| 24:51 | Queue | Villager (Male) |
| 25:00 | Build | Siege Workshop |
| 25:02 | Queue | Villager (Male) |
| 25:02 | Queue | Villager (Male) |
| 25:03 | Queue | Villager (Male) |
| 25:05 | Queue | Villager (Male) |
| 25:29 | Queue | Fishing Ship |
| 25:29 | Queue | Fishing Ship |
| 25:35 | Queue | Mangonel |
| 25:47 | Queue | Villager (Male) |
| 25:54 | Build | Lumber Camp |
| 25:55 | Queue | Villager (Male) |
| 26:07 | Queue | Mangonel |
| 26:08 | Queue | Villager (Male) |
| 26:09 | Queue | Villager (Male) |
| 26:11 | Queue | Villager (Male) |
| 26:12 | Queue | Villager (Male) |
| 26:14 | Queue | Villager (Male) |
| 26:16 | Build | Farm |
| 26:20 | Build | Farm |
| 26:20 | Build | Farm |
| 26:49 | Queue | Villager (Male) |
| 26:50 | Build | Farm |
| 26:50 | Build | Farm |
| 26:51 | Build | Farm |
| 26:51 | Build | Farm |
| 26:51 | Build | Farm |
Build order — VENÓN | MeCoXPDF
First 150 of 413 actions detected
| 0:02 | Build | Town Center |
| 0:37 | Build | Dock |
| 0:39 | Build | House |
| 2:21 | Queue | Villager (Male) |
| 2:22 | Queue | Villager (Male) |
| 2:24 | Queue | Villager (Male) |
| 2:24 | Queue | Villager (Male) |
| 2:25 | Queue | Villager (Male) |
| 2:51 | Queue | Villager (Male) |
| 3:26 | Queue | Fishing Ship |
| 3:40 | Build | House |
| 4:15 | Queue | Villager (Male) |
| 4:42 | Queue | Villager (Male) |
| 5:08 | Queue | Villager (Male) |
| 5:10 | Queue | Fishing Ship |
| 5:21 | Build | House |
| 5:29 | Build | Palisade Wall |
| 5:36 | Queue | Villager (Male) |
| 5:45 | Build | Palisade Wall |
| 5:50 | Build | Palisade Wall |
| 6:03 | Queue | Villager (Male) |
| 6:18 | Queue | Villager (Male) |
| 6:19 | Queue | Fishing Ship |
| 6:36 | Build | House |
| 6:40 | Queue | Villager (Male) |
| 6:54 | Queue | Villager (Male) |
| 7:03 | Queue | Fishing Ship |
| 7:13 | Queue | Villager (Male) |
| 7:32 | Build | Palisade Gate |
| 7:35 | Build | Palisade Wall |
| 7:40 | Build | Palisade Wall |
| 7:46 | Build | Palisade Gate |
| 7:51 | Queue | Fishing Ship |
| 7:54 | Queue | Villager (Male) |
| 7:54 | Queue | Villager (Male) |
| 7:56 | Queue | Villager (Male) |
| 8:11 | Build | House |
| 8:32 | Queue | Fishing Ship |
| 8:33 | Queue | Villager (Male) |
| 8:49 | Queue | Villager (Male) |
| 9:08 | Queue | Villager (Male) |
| 9:10 | Queue | Villager (Male) |
| 9:11 | Queue | Villager (Male) |
| 9:11 | Queue | Villager (Male) |
| 9:16 | Queue | Villager (Male) |
| 9:22 | Build | Settlement |
| 9:26 | Build | Palisade Wall |
| 9:34 | Queue | Villager (Male) |
| 9:37 | Build | House |
| 9:43 | Queue | Villager (Male) |
| 9:45 | Queue | Fishing Ship |
| 9:50 | Build | House |
| 9:51 | Queue | Villager (Male) |
| 9:59 | Build | House |
| 10:03 | Queue | Villager (Male) |
| 10:03 | Queue | Villager (Male) |
| 10:14 | Research | Feudal Age |
| 10:18 | Build | House |
| 12:12 | Queue | Villager (Male) |
| 12:27 | Age | Feudal Age |
| 12:29 | Build | Blacksmith |
| 12:31 | Build | Market |
| 12:37 | Queue | Villager (Male) |
| 13:18 | Research | Castle Age |
| 13:45 | Research | Double-Bit Axe |
| 14:55 | Build | Dock |
| 15:58 | Age | Castle Age |
| 16:00 | Queue | Villager (Male) |
| 16:02 | Research | Horse Collar |
| 16:03 | Research | Bow Saw |
| 16:05 | Queue | Villager (Male) |
| 16:12 | Build | Town Center |
| 16:14 | Build | Town Center |
| 16:18 | Queue | Villager (Male) |
| 16:19 | Build | Monastery |
| 16:28 | Queue | Villager (Male) |
| 16:33 | Queue | Villager (Male) |
| 16:37 | Research | Wheelbarrow |
| 16:40 | Queue | Fishing Ship |
| 16:40 | Queue | Villager (Male) |
| 16:43 | Queue | Fishing Ship |
| 16:51 | Queue | Villager (Male) |
| 17:04 | Queue | Monk |
| 17:15 | Queue | Villager (Male) |
| 17:21 | Queue | Villager (Male) |
| 17:23 | Queue | Villager (Male) |
| 17:37 | Research | Horse Collar |
| 17:42 | Queue | Villager (Male) |
| 17:51 | Build | Farm |
| 17:52 | Build | Farm |
| 17:53 | Build | Farm |
| 17:54 | Queue | Villager (Male) |
| 17:57 | Queue | Villager (Male) |
| 18:12 | Build | Farm |
| 18:13 | Queue | Villager (Male) |
| 18:19 | Queue | Monk |
| 18:25 | Queue | Villager (Male) |
| 18:27 | Build | Farm |
| 18:29 | Build | Farm |
| 18:36 | Build | Farm |
| 18:38 | Build | Farm |
| 18:39 | Queue | Villager (Male) |
| 18:42 | Build | Farm |
| 18:44 | Build | Farm |
| 18:46 | Queue | Villager (Male) |
| 18:50 | Build | Farm |
| 19:01 | Queue | Villager (Male) |
| 19:03 | Queue | Villager (Male) |
| 19:03 | Queue | Villager (Male) |
| 19:04 | Queue | Villager (Male) |
| 19:05 | Build | Farm |
| 19:09 | Build | Farm |
| 19:18 | Queue | Villager (Male) |
| 19:27 | Queue | Villager (Male) |
| 19:31 | Queue | Villager (Male) |
| 19:35 | Queue | Villager (Male) |
| 19:46 | Queue | Villager (Male) |
| 19:55 | Build | House |
| 19:59 | Research | Hand Cart |
| 20:10 | Queue | Villager (Male) |
| 20:17 | Queue | Villager (Male) |
| 20:17 | Queue | Villager (Male) |
| 20:21 | Queue | Villager (Male) |
| 20:23 | Build | Town Center |
| 20:29 | Build | Farm |
| 20:29 | Queue | Villager (Male) |
| 20:40 | Queue | Villager (Male) |
| 20:47 | Build | Farm |
| 20:51 | Build | Farm |
| 20:53 | Queue | Villager (Male) |
| 20:55 | Build | Farm |
| 20:55 | Queue | Villager (Male) |
| 21:07 | Queue | Villager (Male) |
| 21:11 | Queue | Villager (Male) |
| 21:14 | Build | Farm |
| 21:26 | Queue | Villager (Male) |
| 21:26 | Queue | Villager (Male) |
| 21:31 | Build | House |
| 21:32 | Build | House |
| 21:36 | Build | House |
| 21:37 | Build | House |
| 21:38 | Build | House |
| 21:40 | Queue | Villager (Male) |
| 21:41 | Queue | Villager (Male) |
| 21:42 | Build | Farm |
| 21:43 | Queue | Villager (Male) |
| 21:46 | Queue | Villager (Male) |
| 21:53 | Research | Loom |
| 21:55 | Queue | Villager (Male) |
| 21:57 | Research | Heavy Plow |
Build order — erich_hub
First 150 of 262 actions detected
| 0:13 | Build | Town Center |
| 1:56 | Build | Dock |
| 2:19 | Build | House |
| 2:31 | Queue | Villager (Male) |
| 2:31 | Queue | Villager (Male) |
| 2:31 | Queue | Villager (Male) |
| 2:31 | Queue | Villager (Male) |
| 2:32 | Queue | Villager (Male) |
| 3:42 | Build | Palisade Wall |
| 3:49 | Build | Palisade Wall |
| 3:57 | Queue | Fishing Ship |
| 3:57 | Queue | Fishing Ship |
| 4:15 | Research | Loom |
| 4:21 | Build | House |
| 4:31 | Queue | Villager (Male) |
| 5:02 | Queue | Villager (Male) |
| 5:31 | Queue | Villager (Male) |
| 5:35 | Queue | Fishing Ship |
| 5:58 | Queue | Villager (Male) |
| 6:04 | Build | House |
| 6:20 | Queue | Villager (Male) |
| 6:33 | Queue | Fishing Ship |
| 7:03 | Queue | Villager (Male) |
| 7:03 | Queue | Villager (Male) |
| 7:11 | Build | Palisade Wall |
| 7:12 | Build | Palisade Wall |
| 7:14 | Build | Palisade Wall |
| 7:22 | Queue | Villager (Male) |
| 7:23 | Queue | Fishing Ship |
| 7:36 | Build | House |
| 7:48 | Queue | Villager (Male) |
| 8:06 | Queue | Fishing Ship |
| 8:10 | Build | House |
| 8:11 | Queue | Villager (Male) |
| 8:36 | Queue | Villager (Male) |
| 8:58 | Queue | Fishing Ship |
| 9:01 | Build | House |
| 9:11 | Queue | Villager (Male) |
| 9:25 | Queue | Villager (Male) |
| 9:33 | Build | Mining Camp |
| 9:47 | Queue | Villager (Male) |
| 10:01 | Queue | Fishing Ship |
| 10:29 | Queue | Villager (Male) |
| 10:44 | Build | House |
| 11:03 | Queue | Villager (Male) |
| 11:11 | Build | House |
| 11:29 | Research | Feudal Age |
| 11:29 | Research | Feudal Age |
| 11:52 | Build | Mining Camp |
| 12:29 | Queue | Villager (Male) |
| 12:30 | Queue | Villager (Male) |
| 13:07 | Build | Mill |
| 13:39 | Age | Feudal Age |
| 13:44 | Build | Market |
| 13:46 | Build | Blacksmith |
| 14:35 | Research | Castle Age |
| 14:36 | Research | Castle Age |
| 15:17 | Queue | Villager (Male) |
| 15:28 | Build | Lumber Camp |
| 15:35 | Research | Fletching |
| 15:38 | Research | Gold Mining |
| 15:52 | Build | Dock |
| 16:35 | Research | Double-Bit Axe |
| 16:54 | Queue | Villager (Male) |
| 17:00 | Research | Tech 906 |
| 17:00 | Research | Tech 906 |
| 17:15 | Age | Castle Age |
| 17:17 | Queue | Villager (Male) |
| 17:19 | Build | Town Center |
| 17:33 | Queue | Villager (Male) |
| 17:56 | Queue | Villager (Male) |
| 18:26 | Build | Castle |
| 18:36 | Research | Bow Saw |
| 18:57 | Queue | Villager (Male) |
| 19:02 | Build | House |
| 19:04 | Build | House |
| 19:06 | Queue | Villager (Male) |
| 19:10 | Research | Bodkin Arrow |
| 19:11 | Research | Bodkin Arrow |
| 19:17 | Queue | Villager (Male) |
| 19:23 | Queue | Villager (Male) |
| 19:38 | Queue | Longbowman |
| 19:41 | Build | House |
| 19:56 | Queue | Longbowman |
| 19:56 | Queue | Longbowman |
| 20:06 | Queue | Villager (Male) |
| 20:14 | Build | Town Center |
| 20:17 | Queue | Fishing Ship |
| 20:20 | Queue | Villager (Male) |
| 20:27 | Queue | Longbowman |
| 20:27 | Queue | Longbowman |
| 20:31 | Research | Padded Archer Armor |
| 20:33 | Queue | Villager (Male) |
| 20:39 | Queue | Longbowman |
| 20:52 | Queue | Longbowman |
| 20:54 | Queue | Villager (Male) |
| 20:58 | Build | House |
| 20:58 | Build | House |
| 21:04 | Queue | Longbowman |
| 21:06 | Queue | Villager (Male) |
| 21:20 | Queue | Longbowman |
| 21:34 | Queue | Villager (Male) |
| 21:41 | Queue | Villager (Male) |
| 21:43 | Research | Horse Collar |
| 21:49 | Build | Mill |
| 21:51 | Queue | Villager (Male) |
| 22:01 | Queue | Longbowman |
| 22:01 | Queue | Longbowman |
| 22:05 | Queue | Villager (Male) |
| 22:06 | Queue | Villager (Male) |
| 22:35 | Queue | Villager (Male) |
| 22:38 | Queue | Longbowman |
| 22:39 | Queue | Longbowman |
| 22:41 | Build | University |
| 22:42 | Queue | Villager (Male) |
| 22:44 | Queue | Villager (Male) |
| 22:46 | Queue | Longbowman |
| 23:14 | Queue | Longbowman |
| 23:25 | Queue | Villager (Male) |
| 23:25 | Queue | Villager (Male) |
| 23:25 | Queue | Villager (Male) |
| 23:28 | Build | Farm |
| 23:28 | Build | Farm |
| 23:30 | Build | Farm |
| 23:31 | Research | Heavy Plow |
| 23:34 | Build | House |
| 24:05 | Queue | Villager (Male) |
| 24:05 | Queue | Villager (Male) |
| 24:07 | Build | Farm |
| 24:08 | Build | Farm |
| 24:10 | Build | Farm |
| 24:12 | Build | Farm |
| 24:13 | Queue | Villager (Male) |
| 24:21 | Queue | Longbowman |
| 24:21 | Queue | Longbowman |
| 24:21 | Queue | Longbowman |
| 24:22 | Queue | Longbowman |
| 24:28 | Queue | Longbowman |
| 24:29 | Queue | Longbowman |
| 24:32 | Build | House |
| 24:34 | Queue | Villager (Male) |
| 24:35 | Queue | Villager (Male) |
| 24:46 | Queue | Villager (Male) |
| 24:46 | Queue | Villager (Male) |
| 24:49 | Queue | Longbowman |
| 24:49 | Queue | Longbowman |
| 25:07 | Queue | Villager (Male) |
| 25:14 | Research | Ballistics |
| 25:14 | Research | Ballistics |
| 25:21 | Queue | Longbowman |
Build order — KnutTheFierce
First 150 of 264 actions detected
| 0:38 | Build | Town Center |
| 1:17 | Build | Palisade Wall |
| 1:19 | Build | Palisade Wall |
| 1:39 | Build | Dock |
| 2:26 | Build | House |
| 2:45 | Queue | Villager (Male) |
| 2:45 | Queue | Villager (Male) |
| 2:46 | Queue | Villager (Male) |
| 2:48 | Queue | Villager (Male) |
| 2:48 | Queue | Villager (Male) |
| 2:49 | Queue | Villager (Male) |
| 3:06 | Queue | Fishing Ship |
| 3:06 | Queue | Fishing Ship |
| 4:00 | Build | House |
| 4:30 | Queue | Villager (Male) |
| 4:30 | Queue | Villager (Male) |
| 4:47 | Queue | Fishing Ship |
| 4:47 | Queue | Fishing Ship |
| 4:59 | Queue | Villager (Male) |
| 4:59 | Queue | Villager (Male) |
| 5:18 | Build | House |
| 5:33 | Queue | Villager (Male) |
| 5:33 | Queue | Villager (Male) |
| 5:42 | Queue | Fishing Ship |
| 5:56 | Queue | Villager (Male) |
| 6:18 | Queue | Villager (Male) |
| 6:18 | Queue | Villager (Male) |
| 6:35 | Queue | Fishing Ship |
| 6:40 | Queue | Villager (Male) |
| 6:48 | Build | House |
| 6:55 | Queue | Villager (Male) |
| 6:55 | Queue | Villager (Male) |
| 7:07 | Queue | Fishing Ship |
| 7:19 | Queue | Villager (Male) |
| 7:28 | Queue | Villager (Male) |
| 7:48 | Queue | Fishing Ship |
| 7:49 | Queue | Villager (Male) |
| 7:56 | Build | House |
| 8:25 | Queue | Villager (Male) |
| 8:40 | Queue | Villager (Male) |
| 8:48 | Build | House |
| 8:57 | Build | Lumber Camp |
| 9:08 | Queue | Villager (Male) |
| 9:29 | Queue | Villager (Male) |
| 9:29 | Queue | Villager (Male) |
| 9:33 | Queue | Fishing Ship |
| 10:18 | Queue | Villager (Male) |
| 10:28 | Build | House |
| 10:32 | Build | House |
| 10:39 | Build | Dock |
| 10:45 | Research | Feudal Age |
| 10:45 | Research | Feudal Age |
| 11:15 | Build | Mill |
| 11:16 | Queue | Villager (Male) |
| 11:51 | Build | House |
| 12:01 | Build | Barracks |
| 12:16 | Research | Loom |
| 12:16 | Queue | Villager (Male) |
| 12:24 | Build | Palisade Wall |
| 12:48 | Age | Feudal Age |
| 13:08 | Build | Stable |
| 13:31 | Queue | Villager (Male) |
| 13:48 | Queue | Scout Cavalry |
| 14:08 | Queue | Villager (Male) |
| 14:15 | Build | Blacksmith |
| 14:24 | Queue | Fire Galley |
| 14:26 | Queue | Villager (Male) |
| 14:43 | Queue | Villager (Male) |
| 14:48 | Queue | Fire Galley |
| 14:54 | Research | Castle Age |
| 15:08 | Queue | Villager (Male) |
| 15:39 | Queue | Fire Galley |
| 15:58 | Queue | Unit 2626 |
| 16:00 | Queue | Unit 2626 |
| 16:12 | Research | Double-Bit Axe |
| 16:48 | Queue | Unit 2626 |
| 16:54 | Research | Scale Barding Armor |
| 16:54 | Research | Scale Barding Armor |
| 16:55 | Queue | Villager (Male) |
| 17:12 | Queue | Unit 2626 |
| 17:19 | Age | Castle Age |
| 17:30 | Queue | Knight |
| 17:38 | Queue | Villager (Male) |
| 17:51 | Queue | Villager (Male) |
| 17:52 | Queue | Villager (Male) |
| 17:56 | Queue | Villager (Male) |
| 18:03 | Queue | Villager (Male) |
| 18:03 | Queue | Villager (Male) |
| 18:09 | Build | Siege Workshop |
| 18:46 | Queue | Villager (Male) |
| 18:49 | Queue | Villager (Male) |
| 18:54 | Queue | Mangonel |
| 19:27 | Build | House |
| 19:30 | Queue | Mangonel |
| 19:34 | Queue | Villager (Male) |
| 19:34 | Queue | Villager (Male) |
| 19:35 | Queue | Villager (Male) |
| 19:45 | Build | Outpost |
| 19:47 | Research | Town Watch |
| 19:48 | Research | Town Watch |
| 20:00 | Queue | Fire Galley |
| 20:02 | Queue | Villager (Male) |
| 20:11 | Research | Bow Saw |
| 20:13 | Queue | Knight |
| 20:14 | Queue | Villager (Male) |
| 20:14 | Queue | Villager (Male) |
| 20:19 | Queue | Villager (Male) |
| 20:23 | Build | House |
| 20:27 | Queue | Villager (Male) |
| 20:27 | Queue | Villager (Male) |
| 20:36 | Build | House |
| 20:48 | Build | House |
| 20:50 | Build | Palisade Wall |
| 21:09 | Queue | Villager (Male) |
| 21:10 | Research | Fletching |
| 21:11 | Research | Fletching |
| 21:16 | Build | House |
| 21:25 | Queue | Villager (Male) |
| 21:30 | Build | House |
| 21:31 | Build | House |
| 21:34 | Queue | Villager (Male) |
| 21:36 | Build | House |
| 21:59 | Queue | Villager (Male) |
| 22:04 | Queue | Mangonel |
| 22:16 | Queue | Villager (Male) |
| 22:16 | Queue | Villager (Male) |
| 22:32 | Build | Town Center |
| 22:46 | Queue | Villager (Male) |
| 23:10 | Queue | Villager (Male) |
| 23:20 | Queue | Mangonel |
| 23:32 | Queue | Villager (Male) |
| 23:32 | Queue | Villager (Male) |
| 23:33 | Queue | Villager (Male) |
| 23:33 | Queue | Villager (Male) |
| 24:06 | Build | House |
| 24:15 | Build | Siege Workshop |
| 24:29 | Build | House |
| 24:31 | Queue | Villager (Male) |
| 24:32 | Queue | Villager (Male) |
| 24:43 | Build | House |
| 25:00 | Queue | Villager (Male) |
| 25:00 | Queue | Villager (Male) |
| 25:01 | Queue | Mangonel |
| 25:03 | Build | House |
| 25:06 | Build | Palisade Wall |
| 25:16 | Build | House |
| 25:17 | Build | Palisade Wall |
| 25:25 | Queue | Villager (Male) |
| 25:25 | Queue | Villager (Male) |
| 25:31 | Build | Farm |
Build order — van jonsenheim
First 150 of 223 actions detected
| 0:21 | Build | House |
| 0:30 | Build | Town Center |
| 0:39 | Build | Town Center |
| 2:01 | Build | Dock |
| 2:50 | Queue | Villager (Male) |
| 2:51 | Queue | Villager (Male) |
| 2:51 | Queue | Villager (Male) |
| 2:51 | Queue | Villager (Male) |
| 2:52 | Queue | Villager (Male) |
| 4:10 | Queue | Fishing Ship |
| 4:10 | Queue | Fishing Ship |
| 4:37 | Queue | Villager (Male) |
| 5:07 | Queue | Fishing Ship |
| 5:13 | Build | House |
| 5:17 | Research | Loom |
| 5:24 | Queue | Villager (Male) |
| 6:15 | Queue | Villager (Male) |
| 6:18 | Queue | Fishing Ship |
| 6:44 | Queue | Villager (Male) |
| 6:44 | Queue | Villager (Male) |
| 7:00 | Queue | Villager (Male) |
| 7:00 | Queue | Villager (Male) |
| 7:03 | Queue | Fishing Ship |
| 7:15 | Build | House |
| 7:38 | Queue | Villager (Male) |
| 7:44 | Queue | Villager (Male) |
| 8:11 | Queue | Fishing Ship |
| 8:12 | Queue | Villager (Male) |
| 8:19 | Queue | Villager (Male) |
| 8:19 | Queue | Villager (Male) |
| 8:19 | Queue | Villager (Male) |
| 8:20 | Queue | Villager (Male) |
| 8:42 | Build | House |
| 9:08 | Queue | Fishing Ship |
| 9:13 | Queue | Villager (Male) |
| 9:14 | Queue | Villager (Male) |
| 9:14 | Queue | Villager (Male) |
| 9:49 | Queue | Villager (Male) |
| 9:53 | Build | House |
| 10:04 | Queue | Fishing Ship |
| 10:15 | Build | House |
| 10:16 | Queue | Villager (Male) |
| 10:28 | Build | Lumber Camp |
| 10:54 | Research | Feudal Age |
| 11:35 | Queue | Villager (Male) |
| 12:17 | Build | Dock |
| 13:04 | Age | Feudal Age |
| 13:10 | Queue | Galley |
| 13:10 | Queue | Galley |
| 13:14 | Queue | Villager (Male) |
| 13:15 | Research | Double-Bit Axe |
| 13:16 | Research | Double-Bit Axe |
| 13:41 | Queue | Villager (Male) |
| 13:42 | Queue | Galley |
| 13:43 | Queue | Galley |
| 13:50 | Queue | Villager (Male) |
| 13:57 | Build | House |
| 14:12 | Queue | Villager (Male) |
| 14:14 | Queue | Galley |
| 14:38 | Build | Blacksmith |
| 14:43 | Queue | Villager (Male) |
| 15:05 | Queue | Galley |
| 15:08 | Queue | Villager (Male) |
| 15:23 | Queue | Villager (Male) |
| 15:30 | Queue | Galley |
| 15:31 | Queue | Villager (Male) |
| 15:32 | Research | Fletching |
| 15:36 | Queue | Villager (Male) |
| 15:42 | Build | House |
| 15:50 | Queue | Villager (Male) |
| 15:53 | Build | Mill |
| 16:00 | Queue | Galley |
| 16:14 | Queue | Galley |
| 16:22 | Queue | Villager (Male) |
| 16:36 | Queue | Villager (Male) |
| 16:47 | Queue | Galley |
| 16:48 | Queue | Villager (Male) |
| 17:00 | Build | Market |
| 17:24 | Queue | Galley |
| 17:28 | Queue | Villager (Male) |
| 17:31 | Build | House |
| 17:54 | Queue | Villager (Male) |
| 17:57 | Queue | Galley |
| 18:20 | Research | Castle Age |
| 18:24 | Queue | Galley |
| 18:37 | Queue | Villager (Male) |
| 18:59 | Queue | Galley |
| 19:00 | Queue | Villager (Male) |
| 19:03 | Build | House |
| 19:11 | Build | Mining Camp |
| 19:39 | Queue | Galley |
| 19:40 | Queue | Galley |
| 19:40 | Queue | Villager (Male) |
| 20:08 | Queue | Galley |
| 20:48 | Queue | Galley |
| 20:48 | Queue | Galley |
| 20:53 | Queue | Villager (Male) |
| 20:56 | Build | House |
| 21:00 | Age | Castle Age |
| 21:32 | Queue | Villager (Male) |
| 22:14 | Queue | Villager (Male) |
| 22:19 | Build | Town Center |
| 22:28 | Build | Town Center |
| 22:41 | Build | Town Center |
| 22:54 | Research | Bodkin Arrow |
| 23:09 | Research | War Galley (upgrade) |
| 23:55 | Queue | Villager (Male) |
| 23:55 | Queue | Villager (Male) |
| 24:02 | Queue | Unit 2626 |
| 24:02 | Queue | Unit 2626 |
| 24:30 | Queue | Villager (Male) |
| 24:30 | Queue | Villager (Male) |
| 24:42 | Queue | Galley |
| 24:44 | Queue | Unit 2626 |
| 24:45 | Queue | Villager (Male) |
| 24:46 | Queue | Villager (Male) |
| 24:46 | Queue | Villager (Male) |
| 24:49 | Build | Town Center |
| 24:51 | Queue | Villager (Male) |
| 25:07 | Queue | Villager (Male) |
| 25:08 | Queue | Villager (Male) |
| 25:08 | Queue | Villager (Male) |
| 25:08 | Queue | Villager (Male) |
| 25:15 | Build | Mining Camp |
| 25:16 | Queue | Villager (Male) |
| 25:26 | Queue | Fishing Ship |
| 25:27 | Queue | Fishing Ship |
| 25:27 | Queue | Fishing Ship |
| 25:56 | Queue | Fire Galley |
| 25:56 | Queue | Fire Galley |
| 25:57 | Queue | Fire Galley |
| 26:00 | Queue | Villager (Male) |
| 26:01 | Queue | Villager (Male) |
| 26:58 | Queue | Villager (Male) ×2 |
| 27:12 | Build | Mill |
| 27:14 | Queue | Villager (Male) |
| 27:14 | Queue | Villager (Male) |
| 27:14 | Queue | Villager (Male) |
| 27:17 | Build | Lumber Camp |
| 27:20 | Build | Mill |
| 27:43 | Queue | Villager (Male) ×3 |
| 27:46 | Build | House |
| 27:46 | Build | House |
| 27:47 | Build | House |
| 27:47 | Build | House |
| 28:02 | Build | Farm |
| 28:44 | Research | Wheelbarrow |
| 28:46 | Research | Horse Collar |
| 28:47 | Research | Bow Saw |
| 28:51 | Build | House |
Build order — Tigry
First 150 of 217 actions detected
| 0:27 | Build | Town Center |
| 1:41 | Build | Dock |
| 1:44 | Build | House |
| 2:47 | Queue | Villager (Male) |
| 2:48 | Queue | Villager (Male) |
| 2:48 | Queue | Villager (Male) |
| 2:48 | Queue | Villager (Male) |
| 2:48 | Queue | Villager (Male) |
| 3:44 | Queue | Fishing Ship |
| 3:44 | Queue | Fishing Ship |
| 4:24 | Queue | Villager (Male) |
| 4:24 | Queue | Villager (Male) |
| 4:31 | Build | House |
| 4:54 | Queue | Villager (Male) |
| 4:55 | Queue | Villager (Male) |
| 5:19 | Queue | Villager (Male) |
| 5:19 | Queue | Villager (Male) |
| 5:37 | Queue | Fishing Ship |
| 5:38 | Queue | Fishing Ship |
| 5:47 | Build | Palisade Wall |
| 5:54 | Queue | Villager (Male) |
| 5:54 | Queue | Villager (Male) |
| 6:18 | Queue | Villager (Male) |
| 6:18 | Queue | Villager (Male) |
| 6:25 | Build | House |
| 6:36 | Queue | Fishing Ship |
| 6:37 | Queue | Fishing Ship |
| 6:41 | Queue | Villager (Male) |
| 6:41 | Queue | Villager (Male) |
| 7:03 | Queue | Villager (Male) |
| 7:03 | Queue | Villager (Male) |
| 7:17 | Queue | Villager (Male) |
| 7:17 | Queue | Villager (Male) |
| 7:22 | Queue | Fishing Ship |
| 7:22 | Queue | Fishing Ship |
| 7:27 | Queue | Villager (Male) |
| 7:27 | Queue | Villager (Male) |
| 7:52 | Queue | Villager (Male) |
| 7:52 | Queue | Villager (Male) |
| 8:01 | Build | House |
| 8:04 | Queue | Villager (Male) |
| 8:04 | Queue | Villager (Male) |
| 8:04 | Queue | Villager (Male) |
| 8:14 | Queue | Villager (Male) |
| 8:19 | Queue | Fishing Ship |
| 8:49 | Build | House |
| 8:57 | Queue | Villager (Male) |
| 9:06 | Build | House |
| 9:11 | Queue | Fishing Ship |
| 9:11 | Queue | Fishing Ship |
| 9:34 | Research | Loom |
| 9:46 | Build | Lumber Camp |
| 10:14 | Research | Feudal Age |
| 10:14 | Research | Feudal Age |
| 10:39 | Build | House |
| 11:03 | Build | Mining Camp |
| 11:15 | Queue | Villager (Male) |
| 11:42 | Build | Dock |
| 12:21 | Queue | Villager (Male) |
| 12:27 | Age | Feudal Age |
| 12:29 | Queue | Fire Galley |
| 12:46 | Queue | Unit 2626 |
| 12:48 | Queue | Villager (Male) |
| 12:59 | Build | Mill |
| 13:05 | Queue | Villager (Male) |
| 13:42 | Queue | Unit 2626 |
| 13:42 | Queue | Unit 2626 |
| 13:45 | Queue | Villager (Male) |
| 13:48 | Build | House |
| 14:14 | Queue | Villager (Male) |
| 14:44 | Queue | Villager (Male) |
| 14:52 | Build | Market |
| 15:09 | Queue | Villager (Male) |
| 15:41 | Queue | Unit 2626 |
| 15:51 | Build | Blacksmith |
| 16:20 | Build | House |
| 16:33 | Queue | Unit 2626 |
| 17:09 | Queue | Unit 2626 |
| 17:13 | Research | Castle Age |
| 17:14 | Research | Castle Age |
| 17:26 | Queue | Villager (Male) |
| 17:30 | Build | House |
| 17:40 | Build | Barracks |
| 18:04 | Queue | Villager (Male) |
| 18:14 | Research | Double-Bit Axe |
| 18:14 | Research | Double-Bit Axe |
| 18:37 | Queue | Villager (Male) |
| 18:51 | Queue | Unit 2626 |
| 18:56 | Research | Bow Saw |
| 19:01 | Research | Gold Mining |
| 19:27 | Queue | Flemish Militia |
| 19:28 | Queue | Flemish Militia |
| 19:53 | Age | Castle Age |
| 19:55 | Build | Siege Workshop |
| 19:56 | Queue | Flemish Militia |
| 19:57 | Queue | Flemish Militia |
| 19:57 | Queue | Flemish Militia |
| 20:03 | Build | Siege Workshop |
| 20:08 | Queue | Flemish Militia |
| 20:09 | Queue | Villager (Male) |
| 20:14 | Build | Farm |
| 20:15 | Build | Farm |
| 20:16 | Build | Farm |
| 20:24 | Queue | Flemish Militia |
| 20:42 | Build | House |
| 20:43 | Build | House |
| 21:01 | Queue | Battering Ram |
| 21:08 | Queue | Villager (Male) |
| 21:13 | Research | Wheelbarrow |
| 21:30 | Queue | Flemish Militia |
| 21:30 | Queue | Flemish Militia |
| 21:30 | Queue | Flemish Militia |
| 21:33 | Research | Forging |
| 21:34 | Research | Forging |
| 21:34 | Queue | Villager (Male) |
| 21:51 | Queue | Flemish Militia |
| 21:53 | Research | Squires |
| 21:56 | Build | Barracks |
| 22:20 | Queue | Mangonel |
| 22:22 | Queue | Flemish Militia |
| 22:25 | Queue | Villager (Male) |
| 22:29 | Build | Farm |
| 22:31 | Build | Farm |
| 22:41 | Queue | Villager (Male) |
| 23:03 | Queue | Flemish Militia |
| 23:04 | Queue | Flemish Militia |
| 23:04 | Queue | Flemish Militia |
| 23:05 | Queue | Villager (Male) |
| 23:31 | Queue | Flemish Militia |
| 23:31 | Queue | Flemish Militia |
| 23:31 | Queue | Flemish Militia |
| 23:35 | Build | Farm |
| 23:35 | Build | Farm |
| 23:59 | Queue | Mangonel |
| 24:21 | Queue | Flemish Militia |
| 24:21 | Queue | Flemish Militia |
| 24:21 | Queue | Flemish Militia |
| 24:38 | Queue | Flemish Militia |
| 24:39 | Queue | Flemish Militia |
| 24:41 | Queue | Flemish Militia |
| 24:42 | Queue | Flemish Militia |
| 24:58 | Queue | Flemish Militia |
| 24:59 | Queue | Flemish Militia |
| 25:01 | Queue | Flemish Militia |
| 25:02 | Queue | Flemish Militia |
| 25:14 | Queue | Villager (Male) |
| 25:14 | Queue | Villager (Male) |
| 25:16 | Build | Mining Camp |
| 25:38 | Queue | Battering Ram |
| 25:39 | Queue | Flemish Militia |
Match timeline
| 0:37 | VENÓN | MeCoXPDF · first_building Dock |
| 1:17 | KnutTheFierce · wall_segment Palisade Wall x1 |
| 1:19 | KnutTheFierce · wall_segment Palisade Wall x1 |
| 1:39 | KnutTheFierce · first_building Dock |
| 1:41 | Tigry · first_building Dock |
| 1:52 | VENON | Sigfridinho · first_building Dock |
| 1:56 | erich_hub · first_building Dock |
| 1:57 | VENON | Sigfridinho · wall_segment Palisade Wall x1 |
| 2:01 | van jonsenheim · first_building Dock |
| 3:42 | erich_hub · wall_segment Palisade Wall x1 |
| 3:49 | erich_hub · wall_segment Palisade Wall x1 |
| 5:29 | VENÓN | MeCoXPDF · wall_segment Palisade Wall x1 |
| 5:45 | VENÓN | MeCoXPDF · wall_segment Palisade Wall x1 |
| 5:47 | Tigry · wall_segment Palisade Wall x1 |
| 5:50 | VENÓN | MeCoXPDF · wall_segment Palisade Wall x1 |
| 7:11 | erich_hub · wall_segment Palisade Wall x1 |
| 7:12 | erich_hub · wall_segment Palisade Wall x1 |
| 7:14 | erich_hub · wall_segment Palisade Wall x2 |
| 7:35 | VENÓN | MeCoXPDF · wall_segment Palisade Wall x1 |
| 7:40 | VENÓN | MeCoXPDF · wall_segment Palisade Wall x1 |
| 9:26 | VENÓN | MeCoXPDF · wall_segment Palisade Wall x1 |
| 12:01 | KnutTheFierce · first_building Barracks |
| 12:24 | KnutTheFierce · wall_segment Palisade Wall x11 |
| 12:27 | VENÓN | MeCoXPDF · age_up feudal |
| 12:27 | Tigry · age_up feudal |
| 12:48 | KnutTheFierce · age_up feudal |
| 13:04 | van jonsenheim · age_up feudal |
| 13:08 | KnutTheFierce · first_building Stable |
| 13:39 | erich_hub · age_up feudal |
| 14:13 | VENON | Sigfridinho · age_up feudal |
| 15:58 | VENÓN | MeCoXPDF · age_up castle |
| 16:12 | VENON | Sigfridinho · wall_segment Palisade Wall x10 |
| 16:15 | VENON | Sigfridinho · wall_segment Palisade Wall x1 |
| 16:19 | VENÓN | MeCoXPDF · first_building Monastery |
| 16:35 | VENÓN | MeCoXPDF · first_market_buy 100 food |
| 16:44 | VENON | Sigfridinho · wall_segment Palisade Wall x5 |
| 16:45 | VENON | Sigfridinho · wall_segment Palisade Wall x5 |
| 17:15 | erich_hub · age_up castle |
| 17:19 | KnutTheFierce · age_up castle |
| 17:40 | Tigry · first_building Barracks |
| 18:05 | VENON | Sigfridinho · age_up castle |
| 18:09 | KnutTheFierce · first_building Siege Workshop |
| 18:26 | erich_hub · first_building Castle |
| 18:44 | VENON | Sigfridinho · wall_segment Palisade Wall x4 |
| 19:53 | Tigry · age_up castle |
| 19:55 | Tigry · first_building Siege Workshop |
| 20:50 | KnutTheFierce · wall_segment Palisade Wall x1 |
| 21:00 | van jonsenheim · age_up castle |
| 21:41 | VENON | Sigfridinho · wall_segment Palisade Wall x7 |
| 23:01 | van jonsenheim · first_market_buy 100 wood |
| 23:58 | Tigry · first_market_sell 100 wood |
| 24:10 | VENON | Sigfridinho · first_market_buy 100 stone |
| 25:00 | VENON | Sigfridinho · first_building Siege Workshop |
| 25:06 | KnutTheFierce · wall_segment Palisade Wall x1 |
| 25:17 | KnutTheFierce · wall_segment Palisade Wall x1 |
| 25:59 | Tigry · first_building Stable |
| 26:41 | VENÓN | MeCoXPDF · first_building Barracks |
| 27:27 | KnutTheFierce · wall_segment Palisade Wall x9 |
| 27:40 | KnutTheFierce · wall_segment Stone Wall x1 |
| 28:20 | KnutTheFierce · first_market_buy 100 food |
| 28:34 | erich_hub · first_building Monastery |
| 28:51 | KnutTheFierce · wall_segment Stone Wall x3 |
| 29:04 | VENON | Sigfridinho · first_building Barracks |
| 29:07 | KnutTheFierce · first_building Castle |
| 29:26 | KnutTheFierce · wall_segment Stone Wall x1 |
| 29:32 | KnutTheFierce · wall_segment Stone Wall x1 |
| 30:07 | Tigry · first_market_buy 100 stone |
| 30:15 | Tigry · first_building Castle |
| 30:24 | VENÓN | MeCoXPDF · first_market_sell 100 food |
| 30:26 | van jonsenheim · first_building Castle |
| 30:28 | VENÓN | MeCoXPDF · age_up imperial |
| 30:40 | KnutTheFierce · wall_segment Stone Wall x1 |
| 31:17 | VENÓN | MeCoXPDF · first_building Castle |
| 31:39 | VENON | Sigfridinho · first_market_sell 500 wood |
| 32:30 | VENON | Sigfridinho · first_building Castle |
| 32:36 | erich_hub · wall_segment Palisade Wall x1 |
| 32:52 | van jonsenheim · first_building Barracks |
| 33:54 | VENON | Sigfridinho · first_building Archery Range |
| 33:55 | erich_hub · resign |
[ AI ANALYSIS · 1 CREDIT ]
What really happened in this match?
Wolo.gg analyzes every decision: build order, eco, micro, common mistakes by bracket. Personalized analysis on WhatsApp or Discord in 30 seconds.
Civ guide
Goths
Perfil
Jugador #23158266